 Dungeon Crawl Stone Soup version 0.29-a0-355-g7276a9ff7f (console) character file.

Game seed: 2328998011368629186

51 Colgate the Sneak (level 4, 23/23 HPs)
             Began as a Kobold Brigand on Apr 25, 2022.
             Was a Follower of Hepliaklqana.
             Quit the game on level 2 of the Dungeon on Apr 27, 2022.
             The game lasted 00:08:12 (835 turns).

Colgate the Sneak (Kobold Brigand)                   Turns: 835, Time: 00:08:13

Health: 23/23      AC:  6    Str:  8    XL:     4   Next: 5%
Magic:  4/4        EV: 20    Int: 14    God:    Hepliaklqana [*.....]
Gold:   32         SH:  0    Dex: 16    Spells: 3/3 levels left

rFire   . . .      SeeInvis .   a - +2 dagger
rCold   . . .      Faith    .   (no shield)
rNeg    . . .      Spirit   .   n - +0 ring mail
rPois   .          Reflect  .   (no helmet)
rElec   .          Harm     .   c - +0 cloak
rCorr   .          Rampage  .   (no gloves)
Will    .....                   (no boots)
Stlth   ++++......              (no amulet)
HPRegen 0.07/turn               i - +4 ring of evasion
MPRegen 0.09/turn               l - +4 ring of evasion

@: no status effects
A: reduced essence, small, no large weapons, nightstalker 3
a: Renounce Religion, Recall Ancestor, Ancestor Identity


You were on level 2 of the Dungeon.
You worshipped Hepliaklqana.
Hepliaklqana was aware of your devotion.
You visited 1 branch of the dungeon, and saw 2 of its levels.

You collected 32 gold pieces.

Inventory:

Hand Weapons
 a - a +2 dagger (weapon)
Missiles
 d - 8 poisoned darts (quivered)
 e - 3 curare-tipped darts
 o - 6 atropa-tipped darts
Armour
 b - a +0 robe
 c - a +0 cloak (worn)
 n - a +0 ring mail (worn)
Jewellery
 i - a +4 ring of evasion (left hand)
 j - a ring of protection from cold
 l - a +4 ring of evasion (right hand)
Scrolls
 m - a scroll of brand weapon {unknown}
Potions
 f - a potion of flight {unknown}
 g - a potion of cancellation {unknown}
 h - a potion of brilliance {unknown}
 k - a potion of degeneration {unknown}


   Skills:
 - Level 2.1 Fighting
 - Level 4.0 Short Blades
 - Level 2.1 Throwing
 - Level 1.2 Dodging
 + Level 6.6 Stealth


You had 3 spell levels left.
You didn't know any spells.
Your spell library contained the following spells:

 Spells                   Type           Power      Damage    Failure   Level
 Magic Dart               Conj           0%         1d3       65%         1
 Call Imp                 Summ           0%         N/A       80%         2
 Conjure Flame            Conj/Fire      0%         6-21      95%         3
 Gell's Gravitas          Tloc           0%         N/A       95%         3
 Ignite Poison            Fire/Tmut/Pois 0%         N/A       95%         3
 Mephitic Cloud           Conj/Pois/Air  0%         N/A       95%         3
 Teleport Other           Tloc           0%         N/A       95%         3
 Sticky Flame             Conj/Fire      0%         2d3       100%        4
 Dispersal                Tloc           0%         N/A       100%        6


Dungeon Overview and Level Annotations

Branches:
Dungeon (2/15)

Altars:
Hepliaklqana


Innate Abilities, Weirdness & Mutations

Your life essence is reduced to manifest your ancestor. (-10% HP)
You are small and have problems with some larger weapons.
You are completely attuned to the shadows.


Message History

No target in view!
You throw a poisoned dart. Yamquzzuhalamma avoids your attack.
The poisoned dart hits Terence.
Terence looks even sicker.
You throw a poisoned dart. Yamquzzuhalamma avoids your attack.
The poisoned dart hits Terence.
Terence looks as sick as possible!
Terence is no longer blind.
Terence closely misses Yamquzzuhalamma.
Yamquzzuhalamma hits Terence but does no damage.
Terence hits Yamquzzuhalamma with a +0 flail of protection!
Yamquzzuhalamma is destroyed!
Throw: 5 darts (atropa)
Aim: Terence, wielding a +0 flail of protection and wearing a +0 scale mail (heavily wounded, extremely poisoned, 65% to hit, chance to blind on hit: 100%)
You throw an atropa-tipped dart.
The atropa-tipped dart closely misses Terence.
Throw: 4 darts (atropa)
Aim: Terence, wielding a +0 flail of protection and wearing a +0 scale mail (severely wounded, extremely poisoned, 65% to hit, chance to blind on hit: 100%)
You throw an atropa-tipped dart. The atropa-tipped dart hits Terence.
Terence appears confused.
d - 5 poisoned darts (gained 2);
o - 4 atropa-tipped darts (gained 1)
You kill Terence!
Your Stealth skill increases to level 6!
You have reached level 4!
o - 5 atropa-tipped darts (gained 1);
d - 7 poisoned darts (gained 2)
o - 6 atropa-tipped darts (gained 1);
d - 8 poisoned darts (gained 1)
Things that are here:
a +0 flail of protection; a +0 scale mail; the human corpse of Terence
Okay, then.
Okay, then.
Okay, then.
No target in view!
Found a stone staircase leading down.
Unknown command.
Unknown command.
Unknown command.
Welcome back, Colgate the Kobold Brigand.
Hepliaklqana says: Your past becomes your present!
Welcome back, Colgate the Kobold Brigand.
Hepliaklqana says: Your past becomes your present!
Welcome back, Colgate the Kobold Brigand.
Hepliaklqana says: Your past becomes your present!
Okay, then.

#..........#
##..........#
##...........#
#..†.........#
#.############
#.# .. #.#
..###.#
#.>.#.# ##
#.J#.##...
#.@.[....
#....##...
#..#.... ..
..######. . ..


You could see an endoplasm.

Vanquished Creatures
  Terence (D:2)
  An adder (D:2)
  A ball python (D:1)
  An endoplasm (D:2)
  A giant cockroach (D:1)
  2 goblins (D:1)
  A hobgoblin (D:1)
  4 kobolds
  A quokka (D:1)
  3 bats
  A spectral hobgoblin (D:1)
17 creatures vanquished.

Vanquished Creatures (others)
  An ancestor (D:2)
1 creature vanquished.

Grand Total: 18 creatures vanquished

Notes
Turn   | Place    | Note
-------+----------+-------------------------------------------
     0 | D:1      | Colgate the Kobold Brigand began the quest for the Orb.
     0 | D:1      | Reached XP level 1. HP: 12/12 MP: 1/1
    80 | D:1      | Found a faded altar of an unknown god.
    94 | D:1      | Prayed at the altar of an unknown god.
    94 | D:1      | Became a worshipper of Hepliaklqana the Forgotten
    94 | D:1      | Reached * piety under Hepliaklqana
   334 | D:1      | Reached XP level 2. HP: 15/15 MP: 2/2
   809 | D:2      | Reached XP level 3. HP: 18/18 MP: 3/3
   814 | D:2      | Noticed Terence
   829 | D:2      | Killed Terence
   830 | D:2      | Reached skill level 6 in Stealth
   830 | D:2      | Reached XP level 4. HP: 23/23 MP: 4/4
   835 | D:2      | Quit the game

Illustrated notes

Levels and vault maps discovered:
D:1:      scummos_arrival_star, layout_basic,
          dreamdust_ecumenical_altar_drowned_temple
D:2:      minmay_inner_zag, layout_rooms, kennysheep_generic_room_2,
          uniq_terence, uniq_natasha

Skill      XL: |  1  2  3 |
---------------+----------+-----
Short Blades   | 3 4 |  4.0
Stealth        | 6 |  6.6
Fighting       | |  2.1
Throwing       | |  2.1
Dodging        | |  1.2

Action                   |  1- 3 |  4- 6 || total
-------------------------+-------+-------++-------
Melee: Dagger            |    20 |       ||    20
Throw: Dart              |     9 |       ||     9
 Stab: Sleeping          |    13 |       ||    13
Dodge: Dodged            |     5 |       ||     5

Table legend: (Time is in decaauts)
 A = Elapsed time spent in this place.
 B = Non-inter-level travel time spent in this place.
 C = Inter-level travel time spent in this place.
 D = Time resting spent in this place.
 E = Time spent auto-exploring this place.
 F = Levels seen in this place.
 G = Mean time per level.
                   A        B        C        D        E       F      G
               +--------+--------+--------+--------+--------+-----+--------+
         Total |    837 |    772 |     65 |      0 |    636 |   2 |  418.5 |
       Dungeon |    837 |    772 |     65 |      0 |    636 |   2 |  418.5 |
               +--------+--------+--------+--------+--------+-----+--------+

Top non-repeatable levels by time:
     D:1: 738 daAuts
     D:2: 98 daAuts
